 Dungeon Crawl Stone Soup version 0.30-a0-743-gbfdf073431 (webtiles) character file.

Game seed: 18312795633614327186

36 KennySheep the Conjurer (level 3, -1/31 HPs)
             Began as an Ogre Conjurer on Feb 7, 2023.
             Was an Initiate of Gozag.
             Slain by Crazy Yiuf
             ... wielding a +3 quarterstaff of chaos
              (6 damage)
             ... on level 2 of the Dungeon.
             The game lasted 00:02:12 (1830 turns).

KennySheep the Conjurer (Ogre Conjurer)             Turns: 1830, Time: 00:02:13

Health: -1/31      AC:  3    Str: 11    XL:     3   Next: 37%
Magic:  4/7        EV:  9    Int: 21    God:    Gozag
Gold:   246        SH:  0    Dex:  7    Spells: 4/7 levels left

rFire   + . .      SeeInvis .    h - +0 dagger
rCold   + . .      Faith    .    (no shield)
rNeg    . . .      Spirit   .    a - +0 robe
rPois   +          Reflect  .    (helmet restricted)
rElec   +          Harm     .    (no cloak)
rCorr   +          Rampage  .    (gloves unavailable)
Will    .....                    (boots unavailable)
Stlth   +                        (no amulet)
HPRegen 0.25/turn                (no ring)
MPRegen 0.10/turn                (no ring)

@: resistant
A: large, unfitting armour, tough skin 1
a: Renounce Religion, Potion Petition, Call Merchant, Bribe Branch


You were on level 2 of the Dungeon.
You worshipped Gozag.
Gozag was aware of your devotion.
You visited 1 branch of the dungeon, and saw 2 of its levels.

You collected 246 gold pieces.

Inventory:

Hand Weapons
 h - a +0 dagger (weapon)
Armour
 a - a +0 robe (worn)
Scrolls
 d - a scroll of fear {unknown}
 e - 7 scrolls of identify {unknown}
 j - a scroll of amnesia {unknown}
 l - 4 scrolls of teleportation {unknown}
 m - a scroll of immolation {unknown}
 n - a scroll of fog {unknown}
Potions
 c - a potion of brilliance {unknown}
 f - 2 potions of haste {unknown}
 g - 2 potions of curing {unknown}
 i - 2 potions of lignification {unknown}
 k - 2 potions of heal wounds {unknown}


   Skills:
 - Level 1.7 Dodging
 - Level 1.4 Stealth
 + Level 2.8 Spellcasting
 * Level 4.0 Conjurations
 * Level 1.5 Translocations


You had 4 spell levels left.
You knew the following spells:

 Your Spells              Type           Power      Damage    Failure   Level
a - Magic Dart            Conj           80%        1d7       2%          1
b - Searing Ray           Conj           40%        2d5       3%          2

Your spell library contained the following spells:

 Spells                   Type           Power      Damage    Failure   Level
 Dazzling Flash           Conj/Hex       22%        N/A       19%         3
 Iskenderun's Mystic Bla  Conj/Tloc      14%        2d5       38%         4
 Fulminant Prism          Conj/Hex       5%         3d7       52%         4


Dungeon Overview and Level Annotations

Branches:
Dungeon (2/15)

Altars:
Gozag

Annotations:
D:2 Crazy Yiuf


Innate Abilities, Weirdness & Mutations

You are too large for most types of armour.
You have tough skin. (AC +1)


Message History

Casting: Magic Dart (safe; 2% risk of failure)
Confirm with . or Enter, or press ? or * to list all spells.
Aiming: Searing Ray (safe; 3% risk of failure)
Press: ? - help, Shift-Dir - straight line, f - Crazy Yiuf
Aim: Crazy Yiuf, wielding a +3 quarterstaff of chaos and wearing a +1 cloak of stealth (81% to hit)
The searing ray misses Crazy Yiuf. (Press . to maintain the ray.) Crazy Yiuf says, "Hah!
Iron mumblescurry sing."
Crazy Yiuf barely misses you.
The searing ray hits Crazy Yiuf.
Crazy Yiuf is moderately wounded.
Crazy Yiuf grits, "Hah!"
Crazy Yiuf closely misses you.
The searing ray hits Crazy Yiuf.
Crazy Yiuf is moderately wounded.
Crazy Yiuf barely misses you.
The searing ray hits Crazy Yiuf.
Crazy Yiuf is heavily wounded.
You finish channelling your searing ray.
Crazy Yiuf screams, "Tonal illywillydillykilly spinner!"
Crazy Yiuf hits you with a +3 quarterstaff of chaos.
Space warps horribly around you!
Okay, then.
Magic courses through your body.
Crazy Yiuf hits you with a +3 quarterstaff of chaos!
* * * LOW HITPOINT WARNING * * *
You feel protected.
Casting: Searing Ray (safe; 3% risk of failure)
Confirm with . or Enter, or press ? or * to list all spells.
Aiming: Searing Ray (safe; 3% risk of failure)
Press: ? - help, Shift-Dir - straight line, f/p - Crazy Yiuf
Aim: Crazy Yiuf, wielding a +3 quarterstaff of chaos and wearing a +1 cloak of stealth (heavily wounded, 81% to hit)
The searing ray misses Crazy Yiuf. (Press . to maintain the ray.) Crazy Yiuf closely misses you.
The searing ray hits Crazy Yiuf!
Crazy Yiuf is almost dead.
Crazy Yiuf hits you with a +3 quarterstaff of chaos.
You die...
Your body crumbles into a pile of gold.

### ♣♣#### #)..#♣♣
♣♣P.#^##
#...g@♣♣♣♣.P....#
#
#...#♣..♣..P....#
# ### ♣♣♣.♣...##.#
###### ♣♣♣♣♣###.#
.....# #..#
####.## ######
##########.## #..#
#...)#
#.......##.# ##.#
#....#
#.......##.#######
##.###....#
##...............#


You could see Crazy Yiuf.

Vanquished Creatures
  A dart slug (D:2)
  4 ball pythons
  5 bats
  2 endoplasms (D:2)
  3 giant cockroaches
  4 hobgoblins
  A quokka (D:1)
  4 frilled lizards
  6 goblins (D:1)
30 creatures vanquished.

Notes
Turn   | Place    | Note
-------+----------+-------------------------------------------
     0 | D:1      | KennySheep the Ogre Conjurer began the quest for the Orb.
     0 | D:1      | Reached XP level 1. HP: 16/16 MP: 3/3
    39 | D:1      | Found a faded altar of an unknown god.
    46 | D:1      | Prayed at the altar of an unknown god.
    46 | D:1      | Became a worshipper of Gozag Ym Sagoz the Greedy
   393 | D:1      | Reached XP level 2. HP: 24/24 MP: 1/5
   396 | D:1      | Learned a level 2 spell: Searing Ray
   600 | D:1      | Reached skill level 1 in Translocations
  1340 | D:2      | Reached skill level 4 in Conjurations
  1340 | D:2      | Reached XP level 3. HP: 31/31 MP: 1/7
  1783 | D:2      | Found a runed translucent door.
  1784 | D:2      | Noticed Crazy Yiuf
  1830 | D:2      | Slain by Crazy Yiuf

Illustrated notes

Levels and vault maps discovered:
D:1:      minmay_arrival_solitary_statue, layout_loops_corners,
          basic_ecumenical_altar, hex_medium, nicolae_figureground_sparkle
D:2:      layout_basic, moated_statue, minmay_tromino_v2,
          uniq_crazy_yiuf_cottage

Skill      XL: |  1  2 |
---------------+-------+-----
Translocations | 1 |  1.5
Conjurations   | 4 |  4.0
Dodging        | |  1.7
Stealth        | |  1.4
Spellcasting   | |  2.8

Action                     || total
---------------------------++-------
  Melee: Unarmed           ||    22
         Punch             ||     1
         Dagger            ||     1
   Cast: Magic Dart        ||    59
         Searing Ray       ||     2
    Use: Potion            ||     1
 Armour: Robe              ||     6
  Dodge: Dodged            ||    18

Table legend: (Time is in decaauts)
 A = Elapsed time spent in this place.
 B = Non-inter-level travel time spent in this place.
 C = Inter-level travel time spent in this place.
 D = Time resting spent in this place.
 E = Time spent auto-exploring this place.
 F = Levels seen in this place.
 G = Mean time per level.
                   A        B        C        D        E       F      G
               +--------+--------+--------+--------+--------+-----+--------+
         Total |   1829 |   1797 |     32 |      0 |   1621 |   2 |  914.5 |
       Dungeon |   1829 |   1797 |     32 |      0 |   1621 |   2 |  914.5 |
               +--------+--------+--------+--------+--------+-----+--------+

Top non-repeatable levels by time:
     D:1: 1297 daAuts
     D:2: 531 daAuts
